 Dungeon Crawl Stone Soup version 0.29-a0-823-gc37b1572da (webtiles) character file.

Game seed: 5605096625693718780

129 pyrow613 the Covered (level 4, -1/38 HPs)
             Began as a Demigod Fighter on July 5, 2022.
             Slain by a gnoll
             ... wielding a +0 halberd
              (10 damage)
             ... on level 2 of the Dungeon on July 8, 2022.
             The game lasted 00:03:17 (2758 turns).

pyrow613 the Covered (Demigod Fighter)              Turns: 2758, Time: 00:03:18

Health: -1/38      AC:  6    Str: 21    XL:     4   Next: 58%
Magic:  6/6        EV:  9    Int: 10    God:
Gold:   63         SH:  4    Dex: 13    Spells: 3/3 levels left

rFire   . . .      SeeInvis .   a - +0 long sword
rCold   . . .      Faith    .   c - +0 buckler
rNeg    . . .      Spirit   .   b - +0 scale mail
rPois   .          Reflect  .   (no helmet)
rElec   .          Harm     .   (no cloak)
rCorr   .          Rampage  .   (no gloves)
Will    .....                   (no boots)
Stlth   ..........              (no amulet)
HPRegen 0.12/turn               (no ring)
MPRegen 0.10/turn               (no ring)

@: no status effects
A: high MP 1, forlorn, divine attributes
a: no special abilities


You were on level 2 of the Dungeon.
You visited 1 branch of the dungeon, and saw 2 of its levels.

You collected 63 gold pieces.

Inventory:

Hand Weapons
 a - a +0 long sword (weapon)
Missiles
 d - 6 poisoned darts (quivered)
Armour
 b - a +0 scale mail (worn)
 c - a +0 buckler (worn)
Scrolls
 e - 3 scrolls of teleportation {unknown}
 g - 2 scrolls of enchant weapon {unknown}
 h - 2 scrolls of identify
 k - a scroll of fear {unknown}
 m - a scroll of fog {unknown}
Potions
 f - a potion of brilliance
 i - a potion of heal wounds
 j - a potion of invisibility {unknown}
 l - 2 potions of magic {unknown}


   Skills:
 + Level 3.3 Fighting
 * Level 3.2 Long Blades
 + Level 3.3 Armour
 + Level 3.2 Shields


You had 3 spell levels left.
You didn't know any spells.
Your spell library contained the following spells:

 Spells                   Type           Power      Damage    Failure   Level
 Gell's Gravitas          Tloc           0%         N/A       99%         3
 Teleport Other           Tloc           0%         N/A       99%         3
 Dispersal                Tloc           0%         N/A       100%        6


Dungeon Overview and Level Annotations

Branches:
Dungeon (2/15)


Innate Abilities, Weirdness & Mutations

You have an increased reservoir of magic. (+10% MP)
You shall have no god before yourself.
Your divine heritage dramatically boosts your attributes as you level up.


Message History

There is a stone staircase leading up here.
A goblin comes into view. It is wielding a +0 dagger.
A gnoll comes into view. It is wielding a +0 halberd.
The gnoll shouts!
A frilled lizard comes into view.
A gnoll comes into view. It is wielding a +0 club.
The frilled lizard hisses angrily.
You slash the goblin!
You kill the goblin!
A kobold comes into view. It is wielding a +0 short sword.
You see here a +0 dagger.
The kobold shouts!
The gnoll hits you but does no damage.
You see here a +0 dagger.
You barely miss the gnoll. The gnoll hits you with a +0 halberd!
You hit the gnoll.
The gnoll is lightly wounded.
The gnoll closely misses you.
You hit the gnoll.
The gnoll is moderately wounded.
You block the gnoll's attack.
You barely miss the gnoll.
The gnoll is moderately wounded.
The gnoll barely misses you. The gnoll hits you with a +0 halberd!
You hit the gnoll.
The gnoll is moderately wounded.
The gnoll barely misses you.
You barely miss the gnoll.
The gnoll is moderately wounded.
The gnoll hits you with a +0 halberd.
You hit the gnoll.
The gnoll is heavily wounded.
The gnoll closely misses you. You block the kobold's attack.
You barely miss the gnoll.
The gnoll is heavily wounded.
You block the gnoll's attack.
The kobold hits you with a +0 short sword.
* * * LOW HITPOINT WARNING * * *
The gnoll hits you with a +0 halberd!
You die...

#.........#..........
#.........#.######.##
#.........#.# #.....
#..........####.####
#.##.######.)[..# #
#.##.### #####.# #
#####......# #.# #
......##K### #)# #
.....lg@.# #.#
.....g##.# #.# .....
#.##########.# ....
#.......)....# ...
#####.....####### ..
#.......# #.. #
#.......# #..
#.......# #..
#.......# #..


You could see 2 gnolls, a kobold and a frilled lizard.

Vanquished Creatures
  Robin (D:2)
  6 gnolls (D:2)
  An adder (D:2)
  A dart slug (D:2)
  4 endoplasms
  A giant cockroach (D:1)
  12 goblins
  4 hobgoblins
  6 kobolds
  2 quokkas (D:1)
  2 ball pythons (D:1)
  5 bats
  3 frilled lizards (D:1)
  2 rats (D:1)
50 creatures vanquished.

Notes
Turn   | Place    | Note
-------+----------+-------------------------------------------
     0 | D:1      | pyrow613 the Demigod Fighter began the quest for the Orb.
     0 | D:1      | Reached XP level 1. HP: 18/18 MP: 3/3
   255 | D:1      | Reached XP level 2. HP: 21/25 MP: 4/4
  1073 | D:2      | Reached XP level 3. HP: 8/31 MP: 5/5
  1379 | D:2      | Identified the +1 helmet of Elyvilon's Regard {*Corrode rN+
                  | Dex+5}
  1379 | D:2      | Noticed Robin
  1410 | D:2      | Killed Robin
  1872 | D:2      | Reached XP level 4. HP: 27/38 MP: 6/6
  2087 | D:2      | Upgraded the game from 0.29-a0-817-g9904bce7a6 to
                  | 0.29-a0-823-gc37b1572da
  2758 | D:2      | Slain by a gnoll

Illustrated notes

Levels and vault maps discovered:
D:1:      lemuel_arrival_river_ford, layout_rooms
D:2:      layout_basic, ebering_ecumenical_altar_rust, uniq_robin

Skill      XL: |  1  2  3  4 |
---------------+-------------+-----
Long Blades    | 2 3 |  3.2
Fighting       | 3 |  3.3
Armour         | 3 |  3.3
Shields        | 3 |  3.2

Action                   |  1- 3 |  4- 6 || total
-------------------------+-------+-------++-------
Melee: Long sword        |   163 |    42 ||   205
Throw: Dart              |       |     1 ||     1
  Use: Scroll            |       |     2 ||     2
       Potion            |       |     1 ||     1
Armor: Scale mail        |    98 |    13 ||   111
Dodge: Dodged            |    95 |    14 ||   109
Block: Buckler           |    54 |    12 ||    66

Table legend: (Time is in decaauts)
 A = Elapsed time spent in this place.
 B = Non-inter-level travel time spent in this place.
 C = Inter-level travel time spent in this place.
 D = Time resting spent in this place.
 E = Time spent auto-exploring this place.
 F = Levels seen in this place.
 G = Mean time per level.
                   A        B        C        D        E       F      G
               +--------+--------+--------+--------+--------+-----+--------+
         Total |   2827 |   2815 |     12 |   1082 |   1258 |   2 | 1413.5 |
       Dungeon |   2827 |   2815 |     12 |   1082 |   1258 |   2 | 1413.5 |
               +--------+--------+--------+--------+--------+-----+--------+

Top non-repeatable levels by time:
     D:2: 1424 daAuts
     D:1: 1403 daAuts
